AoeStats
← haffnhaff

Arabia

507193670Analyzed
1v1 RM · 15d ago on Sep 17, 2026· 34m 21s· 2 players
Game mode
Random Map
Map size
Tiny (2 player)
Population
200
Speed
Normal
Resources
Standard
Victory
Conquest
Starting age
Dark Age
Ending age
Imperial Age
RankedLock teamsTeams togetherTeam positionsShared explorationLock speedFull tech treeHidden civsTurbo modeCheats
Victory
Defeat
1327
+17
🇺🇸 Vietnamese · United States
1358
-17
[CL] The Fabulous Merasmus
4:37 Loom
9:57 Feudal Age
10:20 Horse Collar
10:54 Man-at-Arms
15:40 Arson
22:46 Castle Age
20:48 Gold Mining
21:16 Fletching
22:34 Padded Archer Armor
22:50 Elite Skirmisher
23:33 Bodkin Arrow
24:25 Wheelbarrow
26:08 Stone Mining
27:19 Hand Cart
27:51 Ballistics
32:26 Town Watch
35:14 Imperial Age
33:26 Heavy Plow
34:22 Manipur Cavalry
haffnhaff
6:56 Loom
9:58 Feudal Age
10:38 Double-Bit Axe
10:38 Horse Collar
10:51 Gold Mining
13:09 Town Watch
15:13 Fletching
21:20 Castle Age
19:45 Padded Archer Armor
20:49 Wheelbarrow
22:08 Bloodlines
21:57 Bodkin Arrow
21:32 Crossbowman
24:21 Husbandry
31:05 Light Cavalry
33:42 Scale Barding Armor
Connection lost

Rejoining the realm…

Still unreachable

The connection could not be restored.

Session expired

The server has moved on; the page needs a fresh start.